 Dungeon Crawl Stone Soup version 0.30-a0-728-gc68057be0a (webtiles) character file.

Game seed: 7482626683321143146

3934 zinnoa the Grappler (level 10, -2/96 HPs)
             Began as a Troll Berserker on Feb 1, 2023.
             Was a Priest of Trog.
             Slain by a rakshasa
             ... wielding a +0 whip
              (15 damage)
             ... on level 8 of the Dungeon.
             The game lasted 00:20:27 (5646 turns).

zinnoa the Grappler (Troll Berserker)               Turns: 5646, Time: 00:20:27

Health: -2/96      AC:  9    Str: 34    XL:     10   Next: 1%
Magic:  0/18       EV: 12    Int:  1    God:    Trog [***...]
Gold:   231        SH:  0    Dex: 12    Spells: 9/9 levels left

rFire   . . .      SeeInvis .      - Unarmed
rCold   . . .      Faith    .    (no shield)
rNeg    . . .      Spirit   +    a - +0 animal skin
rPois   .          Reflect  .    (helmet restricted)
rElec   .          Harm     .    I - +0 cloak
rCorr   .          Rampage  .    (gloves unavailable)
Will    ++...                    (boots unavailable)
Stlth   ++                       m - amulet of guardian spirit
HPRegen 2.16/turn                d - +4 ring of protection
MPRegen 0.16/turn                F - ring of magical power

@: strong-willed, on berserk cooldown, regenerating, slowed, very slow
A: large, unfitting armour, claws 3, regeneration 1, shaggy fur 1, tough skin 1,
agile 1, strong 1
a: Renounce Religion, Berserk, Trog's Hand


You were on level 8 of the Dungeon.
You worshipped Trog.
Trog was most pleased with you.
You visited 1 branch of the dungeon, and saw 8 of its levels.

You collected 276 gold pieces.
You spent 45 gold pieces at shops.

Inventory:

Missiles
 s - 4 boomerangs of dispersal (quivered)
Armour
 a - a +0 animal skin (worn)
 E - a scarf of invisibility
 I - a +0 cloak (worn)
Jewellery
 d - a +4 ring of protection (left claw)
 m - an amulet of guardian spirit (around neck)
 x - the ring "Vufiudgh" {Fly rF+ Will+ Dex+2 Slay-2}
   (You found it on level 3 of the Dungeon)

   [ring of flight]

   Dex:       It affects your dexterity (+2).
   Slay:      It affects your accuracy & damage with ranged weapons and melee
   (-2).
   rF:        It protects you from fire.
   Fly:       It grants you flight.
   Will:      It increases your willpower.
 F - a ring of magical power (right claw)
Wands
 t - a wand of quicksilver (10)
 B - a wand of charming (9)
Scrolls
 c - 5 scrolls of identify
 g - a scroll of magic mapping
 i - a scroll of enchant weapon {unknown}
 k - a scroll of blinking {unknown}
 l - a scroll of fear {unknown}
 q - a scroll of noise {unknown}
 u - a scroll of brand weapon {unknown}
 v - a scroll of amnesia {unknown}
 w - 2 scrolls of immolation {unknown}
 y - a scroll of teleportation {unknown}
 D - 2 scrolls of enchant armour {unknown}
 G - a scroll of vulnerability {unknown}
 H - 2 scrolls of fog {unknown}
Potions
 b - 3 potions of curing
 e - 2 potions of heal wounds
 f - a potion of attraction
 h - 3 potions of brilliance
 j - a potion of resistance
 n - a potion of flight
 o - a potion of lignification {unknown}
 p - 3 potions of degeneration {unknown}
 r - 3 potions of haste
 z - 5 potions of might
 A - a potion of magic {unknown}
 C - a potion of berserk rage {unknown}
 J - a potion of cancellation {unknown}


   Skills:
 * Level 5.1 Fighting
 * Level 6.4 Dodging
 - Level 1.1 Stealth
 + Level 11.5 Unarmed Combat


You had 9 spell levels left.
You didn't know any spells.
Your spell library was empty.

Dungeon Overview and Level Annotations

Branches:
Dungeon (8/15)             Temple (0/1) D:7
   Lair: D:8-11

Altars:
Ashenzari
Dithmenos
Fedhas
Kikubaaqudgha
Nemelex Xobeh
Sif Muna
Trog

Shops:
D:2 [   D:5 =   D:6 (:![


Innate Abilities, Weirdness & Mutations

You are too large for most types of armour.
You have claws for hands.
Your natural rate of healing is unusually fast.
You are covered in fur. (AC +1)
You have tough skin. (AC +1)
You are agile. (Dex +4, Str/Int -1)
Your muscles are strong. (Str +4, Int/Dex -1)


Message History

The sky beast barely misses you. The rakshasa hits you with a +0 whip!
The sky beast flickers out of sight!
Something hits you. Something shocks you.
* * * LOW HITPOINT WARNING * * *
You scratch the rakshasa.
The rakshasa is moderately wounded.
The sky beast barely misses you. The rakshasa hits you with a +0 whip!
* * * LOW HITPOINT WARNING * * *
Something hits you but does no damage.
You closely miss the rakshasa.
The rakshasa is moderately wounded.
The sky beast hits you but does no damage.
A sky beast appears from thin air!
Reactivating autopickup.
Something hits you but does no damage.
Deactivating autopickup; reactivate with Ctrl-A.
The rakshasa blinks!
You claw the sky beast!
You kill the sky beast!
The sky beast's corpse shimmers and vanishes!
Something hits you but does no damage.
You closely miss the sky beast. Your claw misses the sky beast.
The sky beast flickers out of sight!
Something hits you but does no damage. x2
You mangle something!!
Reactivating autopickup.
Something hits you.
* * * LOW HITPOINT WARNING * * *
Something shocks you.
* * * LOW HITPOINT WARNING * * *
Deactivating autopickup; reactivate with Ctrl-A.
The rakshasa weaves an illusion.
Something hits you but does no damage. Something completely misses you.
Something hits you but does no damage. The rakshasa hits you with a +0 whip!
* * * LOW HITPOINT WARNING * * *
Something hits you. Something shocks you.
* * * LOW HITPOINT WARNING * * *
The rakshasa misses you. Something hits you but does no damage.
You closely miss the rakshasa.
The rakshasa is lightly wounded.
The rakshasa hits you with a +0 whip!
You die...

.... #.##..........<)
.#.#.###.##.......#####
.#....................##
.........)##..#######.##
....##.))..)# ##
......()).:(# #
.#.#..)....#
....#....###..#
#....R@......#
#........#...#
#.....###.#...# #.....
.#...# #.... .. .. ...##
### . ... ..


You could see a rakshasa.

Vanquished Creatures
  A two-headed ogre (D:6)
  Pikel (D:7)
  A water moccasin (D:6)
  Duvessa (D:7)
  2 orc warriors (D:8)
  4 ogres
  3 ice beasts
  A centaur (D:7)
  A phantom (D:4)
  3 kobold brigands
  3 scorpions
  A necrophage (D:5)
  4 wights (D:8)
  Dowan (D:7)
  3 killer bees (D:7)
  A howler monkey (D:6)
  8 orc priests
  2 hounds
  A jelly (D:7)
  4 iguanas
  Natasha (twice) (D:3)
  3 orc wizards
  4 gnolls (D:5)
  6 adders
  2 shadow imps (D:7)
  2 white imps
  An ufetubus (D:4)
  2 dart slugs
  21 orcs
  12 ball pythons
  7 bats
  10 endoplasms
  2 giant cockroaches
  4 goblins
  9 hobgoblins
  6 jackals
  7 quokkas
  5 frilled lizards
  21 kobolds
  4 rats
176 creatures vanquished.

Notes
Turn   | Place    | Note
-------+----------+-------------------------------------------
     0 | D:1      | zinnoa the Troll Berserker began the quest for the Orb.
     0 | D:1      | Reached XP level 1. HP: 22/22 MP: 0/0
    72 | D:1      | Reached XP level 2. HP: 23/29 MP: 1/1
   270 | D:1      | Reached ** piety under Trog
   272 | D:1      | Reached XP level 3. HP: 36/36 MP: 2/2
  1021 | D:2      | Found Goetad's Antique Armour Emporium.
  1234 | D:2      | Reached skill level 4 in Unarmed Combat
  1234 | D:2      | Reached XP level 4. HP: 44/44 MP: 3/3
  1523 | D:3      | Reached XP level 5. HP: 35/52 MP: 4/4
  1704 | D:3      | Noticed Natasha
  1710 | D:3      | Killed Natasha
  1776 | D:3      | Reached skill level 5 in Unarmed Combat
  1792 | D:3      | Identified the ring "Vufiudgh" {Fly rF+ Will+ Dex+2 Slay-2}
  1963 | D:3      | Noticed Natasha
  1968 | D:3      | Killed Natasha
  2021 | D:3      | Reached XP level 6. HP: 31/61 MP: 5/5
  2343 | D:4      | Reached *** piety under Trog
  2589 | D:4      | Reached skill level 6 in Unarmed Combat
  2691 | D:4      | Identified the +0 ring mail of Verdant Surprise {Will-
                  | Regen+ Dex+7}
  2790 | D:4      | Gained mutation: You are agile. (Dex +4, Str/Int -1)
                  | [potion of mutation]
  2790 | D:4      | Gained mutation: Your muscles are strong. (Str +4, Int/Dex
                  | -1) [potion of mutation]
  2844 | D:4      | Found a blossoming altar of Fedhas.
  2870 | D:4      | Found a shadowy altar of Dithmenos.
  3011 | D:5      | Entered Level 5 of the Dungeon
  3018 | D:5      | Reached XP level 7. HP: 66/67 MP: 6/6
  3070 | D:5      | Found Booc's Jewellery Boutique.
  3408 | D:5      | Reached skill level 7 in Unarmed Combat
  4023 | D:6      | Reached skill level 1 in Stealth
  4023 | D:6      | Reached XP level 8. HP: 75/75 MP: 7/7
  4065 | D:6      | Found a broken altar of Ashenzari.
  4065 | D:6      | Found a sparkling altar of Nemelex Xobeh.
  4065 | D:6      | Found an ancient bone altar of Kikubaaqudgha.
  4078 | D:6      | Found a shimmering blue altar of Sif Muna.
  4079 | D:6      | Found a bloodstained altar of Trog.
  4148 | D:6      | Reached skill level 8 in Unarmed Combat
  4241 | D:6      | Found Ehakoev's Armour Shoppe.
  4249 | D:6      | Bought a +0 cloak for 45 gold pieces
  4517 | D:6      | Found Batobaesewk's Distillery.
  4629 | D:6      | Noticed a two-headed ogre
  4638 | D:6      | Killed a two-headed ogre
  4639 | D:6      | Reached skill level 5 in Dodging
  4639 | D:6      | Reached skill level 9 in Unarmed Combat
  4639 | D:6      | Reached XP level 9. HP: 84/84 MP: 8/8
  4690 | D:6      | Found Aluops's Antique Weapon Shoppe.
  4749 | D:6      | Found Wyevyr's Book Shoppe.
  4832 | D:7      | Noticed Duvessa
  4832 | D:7      | Noticed Dowan
  4838 | D:7      | Killed Dowan
  4839 | D:7      | Reached skill level 10 in Unarmed Combat
  4846 | D:7      | Killed Duvessa
  5054 | D:7      | Found a staircase to the Ecumenical Temple.
  5057 | D:7      | Noticed Pikel
  5066 | D:7      | Killed Pikel
  5090 | D:7      | Reached skill level 11 in Unarmed Combat
  5349 | D:7      | Reached skill level 5 in Fighting
  5582 | D:8      | Reached **** piety under Trog
  5618 | D:8      | Reached XP level 10. HP: 96/96 MP: 9/9
  5625 | D:8      | Noticed a rakshasa
  5646 | D:8      | Slain by a rakshasa

Illustrated notes

Levels and vault maps discovered:
D:1:      erik_arrival_blinker_ship, layout_rooms, minmay_bisected
D:2:      layout_loops_corners, serial_shops, shop
D:3:      layout_loops_ring, uniq_natasha
D:4:      layout_loops_cross, mainiacjoe_overflow_swirl
D:5:      layout_rooms, serial_shops, nicolae_square_shop, chequers_arboretum,
          minmay_misc_feat_chi
D:6:      layout_cave_pods, minitemple, serial_shops,
          nicolae_shop_overgrown_old_shop, shop, kennysheep_mini_moat,
          nicolae_shop_stone
D:7:      layout_cave_pools, minmay_temple_entry_antechambers, uniq_pikel,
          uniq_duvessa
D:8:      hangedman_cross_stitches, layout_loops_ring,
          chequers_ossuary_entry_cave

Skill      XL: |  1  2  3  4  5  6  7  8  9 |
---------------+----------------------------+-----
Dodging        | 3 4 5 6 |  6.4
Unarmed Combat | 4 5 6 7 9 11 | 11.5
Fighting       | 3 4 5 |  5.1
Stealth        | 1 |  1.1

Action                     |  1- 3 |  4- 6 |  7- 9 | 10-12 || total
---------------------------+-------+-------+-------+-------++-------
  Melee: Unarmed           |    99 |   140 |   183 |    23 ||   445
         Punch             |     3 |     4 |     6 |       ||    13
 Invoke: Berserk           |     1 |       |     6 |       ||     7
         Trog's Hand       |       |     2 |     9 |     1 ||    12
    Use: Potion            |       |     7 |       |       ||     7
         Scroll            |       |     4 |       |       ||     4
   Stab: Sleeping          |       |     1 |     1 |       ||     2
 Armour: Animal skin       |    42 |    38 |    56 |    23 ||   159
  Dodge: Dodged            |    52 |    62 |    89 |    15 ||   218

Table legend: (Time is in decaauts)
 A = Elapsed time spent in this place.
 B = Non-inter-level travel time spent in this place.
 C = Inter-level travel time spent in this place.
 D = Time resting spent in this place.
 E = Time spent auto-exploring this place.
 F = Levels seen in this place.
 G = Mean time per level.
                   A        B        C        D        E       F      G
               +--------+--------+--------+--------+--------+-----+--------+
         Total |   5626 |   5380 |    246 |    734 |   3500 |   8 |  703.2 |
       Dungeon |   5626 |   5380 |    246 |    734 |   3500 |   8 |  703.2 |
               +--------+--------+--------+--------+--------+-----+--------+

Top non-repeatable levels by time:
     D:5: 949 daAuts
     D:2: 929 daAuts
     D:6: 885 daAuts
     D:3: 830 daAuts
     D:7: 753 daAuts
     D:4: 692 daAuts
     D:1: 525 daAuts
     D:8: 59 daAuts
